 Dungeon Crawl Stone Soup version 0.29-a0-11-ga75d3d97ab (webtiles) character file.

Game seed: 6734828868440228177

70 Orangeyouglad the Ruffian (level 4, -3/36 HPs)
             Began as a Draconian Transmuter on Jan 29, 2022.
             Slain by a kobold (4 damage)
             ... on level 3 of the Dungeon.
             The game lasted 00:03:54 (2443 turns).

Orangeyouglad the Ruffian (Draconian Transmuter)    Turns: 2443, Time: 00:03:55

Health: -3/36      AC:  5    Str: 15    XL:     4   Next: 3%
Magic:  6/7        EV: 12    Int: 13    God:
Gold:   46         SH:  0    Dex: 11    Spells: 4/7 levels left

rFire   . . .      SeeInvis .     - Unarmed
rCold   . . .      Faith    .   (no shield)
rNeg    . . .      Spirit   .   (armour unavailable)
rPois   .          Reflect  .   (helmet currently unavailable)
rElec   .          Harm     .   (no cloak)
rCorr   .          Rampage  .   (no gloves)
Will    .....                   (boots currently unavailable)
Stlth   +.........              (no amulet)
HPRegen 0.12/turn               (no ring)
MPRegen 0.10/turn               (no ring)

@: appendages (expiring), attractive
A: horns 2, talons 2, AC +5, unfitting armour, cold-blooded
a: End Transformation


You were on level 3 of the Dungeon.
You had temporarily grown beastly horns and talons.
You visited 1 branch of the dungeon, and saw 3 of its levels.

You collected 46 gold pieces.

Inventory:

Magical Staves
 f - a staff of cold
Jewellery
 h - an amulet of reflection
Scrolls
 a - a scroll of teleportation
 b - a scroll of fog {unknown}
 c - a scroll of enchant armour {unknown}
 d - a scroll of blinking {unknown}
Potions
 g - a potion of brilliance {unknown}


   Skills:
 + Level 2.1 Fighting
 + Level 2.3 Dodging
 + Level 3.4 Unarmed Combat
 + Level 2.4 Spellcasting
 + Level 2.6 Transmutations


You had 4 spell levels left.
You knew the following spells:

 Your Spells              Type           Power      Damage    Failure   Level
a - Beastly Appendage     Tmut           16%        N/A       9%          1
b - Wereblood             Tmut           8%         N/A       13%         2

Your spell library contained the following spells:

 Spells                   Type           Power      Damage    Failure   Level
 Spider Form              Tmut/Pois      4%         N/A       38%         3
 Ozocubu's Armour         Ice            1%         N/A       58%         3
 Ice Form                 Ice/Tmut       4%         N/A       80%         4
 Ozocubu's Refrigeration  Ice            0%         4d5       100%        7


Dungeon Overview and Level Annotations

Branches:
Dungeon (3/15)

Altars:

Shops:
D:1 =

Annotations:
D:3 Robin


Innate Abilities, Weirdness & Mutations

You have temporarily grown beastly horns and talons.
Your plain brown scales are hard. (AC +5)
You cannot fit into any form of body armour.
You are cold-blooded and may be slowed by cold attacks.


Message History

The goblin shoots a stone.
The stone barely misses you.
The stone barely misses the adder.
The adder bites you. The kobold hits you but does no damage.
You hit the adder. Your kick misses the adder.
Your tail-slap misses the adder.
The adder is moderately wounded.
Your transformation is almost over.
The bat hits you but does no damage. x2; The adder closely misses you.
The goblin shoots a stone.
The stone hits you.
* * * LOW HITPOINT WARNING * * *
The kobold hits you with a +0 short sword.
* * * LOW HITPOINT WARNING * * *
You closely miss the adder. Your headbutt misses the adder.
Your punch misses the adder.
The adder is lightly wounded.
The bat closely misses you. The bat hits you but does no damage.
Robin throws the goblin at you! The adder closely misses you.
The goblin unwields a +0 hunting sling.
The goblin wields a +0 club.
The goblin hits you with a +0 club.
* * * LOW HITPOINT WARNING * * *
The kobold hits you but does no damage.
You hit the adder.
You headbutt the adder, but do no damage.
You tail-slap the adder.
The adder is severely wounded.
The bat barely misses you. The adder misses you.
The adder bites you but does no damage.
You miss the adder. You claw the adder, but do no damage.
You headbutt the adder, but do no damage.
The adder is severely wounded.
The bat misses you. The bat completely misses you.
The goblin hits you with a +0 club.
* * * LOW HITPOINT WARNING * * *
The kobold misses you. The bat hits you but does no damage.
The adder bites you.
* * * LOW HITPOINT WARNING * * *
It was a potion of attraction.
You feel attractive to monsters. The bat closely misses you.
The kobold hits you with a +0 short sword.
You die...

......##...............
........g####.g.#......
.........## #...gg.....
......#...# #..........
..... #g#.# #.#........
#### #g#.# #..........
##g#....###.....#.
##gK####...........
#b@## ..##...... #S##
##...#..... ...
..#....... #..........
#.#..... #..........
........ #..........
........ #....:.....
#.###.#. #.......... #.
..... #...>...... .#...


You could see Robin, an adder, a hobgoblin, 3 goblins, a bat and a kobold.

Vanquished Creatures
  2 adders (D:2)
  A dart slug (D:2)
  3 ball pythons
  7 endoplasms
  2 giant cockroaches (D:1)
  7 goblins
  4 hobgoblins
  2 jackals (D:2)
  4 kobolds
  2 quokkas (D:2)
  4 bats (D:1)
  2 frilled lizards (D:2)
  3 rats (D:2)
43 creatures vanquished.

Vanquished Creatures (others)
  A plant (D:3)
1 creature vanquished.

Grand Total: 44 creatures vanquished

Notes
Turn   | Place    | Note
-------+----------+-------------------------------------------
     0 | D:1      | Orangeyouglad the Draconian Transmuter began the quest for
                  | the Orb.
     0 | D:1      | Reached XP level 1. HP: 16/16 MP: 3/3
   128 | D:1      | Found Puamuuwk's Jewellery Boutique.
   220 | D:1      | Reached XP level 2. HP: 22/23 MP: 1/5
   223 | D:1      | Learned a level 2 spell: Wereblood
  1325 | D:2      | Reached XP level 3. HP: 29/29 MP: 6/6
  2185 | D:2      | Reached XP level 4. HP: 36/36 MP: 5/7
  2348 | D:3      | Noticed Robin
  2442 | D:3      | HP: 1/36 [adder (2)]
  2443 | D:3      | Slain by a kobold

Illustrated notes

Levels and vault maps discovered:
D:1:      lightli_arrival_farm, layout_basic, serial_shops, nicolae_diamond_shop
D:2:      layout_basic
D:3:      layout_rooms, shapermc_ecumenical_altar_mp_ritualfount,
          portal_sewer_entry_e, uniq_robin

Skill      XL: |  1  2  3 |
---------------+----------+-----
Dodging        | 2 |  2.3
Fighting       | 2 |  2.1
Unarmed Combat | |  3.4
Spellcasting   | |  2.4
Transmutations | |  2.6

Action                   |  1- 3 |  4- 6 || total
-------------------------+-------+-------++-------
Melee: Unarmed           |   101 |    10 ||   111
       Kick              |    18 |     3 ||    21
       Tailslap          |    12 |     1 ||    13
       Punch             |     5 |       ||     5
       Headbutt          |     8 |     2 ||    10
 Cast: Beastly Appendage |    20 |     2 ||    22
       Wereblood         |     2 |       ||     2
  Use: Scroll            |       |     1 ||     1
       Potion            |       |     1 ||     1
 Stab: Sleeping          |     1 |       ||     1
Armor: Skin              |    28 |    22 ||    50
Dodge: Dodged            |    59 |    47 ||   106

Table legend: (Time is in decaauts)
 A = Elapsed time spent in this place.
 B = Non-inter-level travel time spent in this place.
 C = Inter-level travel time spent in this place.
 D = Time resting spent in this place.
 E = Time spent auto-exploring this place.
 F = Levels seen in this place.
 G = Mean time per level.
                   A        B        C        D        E       F      G
               +--------+--------+--------+--------+--------+-----+--------+
         Total |   2467 |   2393 |     74 |      0 |   1993 |   3 |  822.3 |
       Dungeon |   2467 |   2393 |     74 |      0 |   1993 |   3 |  822.3 |
               +--------+--------+--------+--------+--------+-----+--------+

Top non-repeatable levels by time:
     D:2: 1270 daAuts
     D:1: 1144 daAuts
     D:3: 51 daAuts
